 BcadrenCrawl: Boulder Brew version 0.04.2-10-g17648f679b (webtiles) character file.

Game seed: 10780056788241582493, levelgen mode: deterministic

1742 diana the Cleaver (level 9, 0/80 HPs) Hill Orc Berserker. Began on May 2, 2021. Was a Priest of Trog. Slain by a scorpion (2 damage) ... on level 3 of the Dungeon. The game lasted 00:05:04 (2495 turns).

diana the Cleaver (Hill Orc Berserker)              Turns: 2495, Time: 00:05:05

Health: 0/80       AC:  8    Str: 23    XL:     9 ^: 2159
Magic:  9/9        EV: 11    Int:  7    God:    Trog [3* [87]]
Gold:   240        SH:  0    Dex: 10    Spells: 8/8 levels left

rFire    . . .     Vision   .   a - +0 hatchet
rCold    + . .     Gourm    .   (no weapon)
rNeg     . . .     Faith    .   f - +1 ring mail {rC+}
rPois    .         Spirit   .   i - +0 helmet
rElec    .         Reflect  .   (no cloak)
rCorr    .         Harm     .   (no gloves)
MR       .....     Rnd*Rage +   (no boots)
Stlth    ..........             (no amulet)
HPRegen  0.36/turn              (no ring)
MPRegen  0.19/turn              (no ring)

@: berserk cooldown, slowed, very slow
A: no striking features
a: Berserk, Trog's Hand, Renounce Religion


You were on level 3 of the Dungeon.
You worshipped Trog.
Trog was most pleased with you.
You were near starving.

You visited 1 branch of the dungeon, and saw 3 of its levels.

You collected 240 gold pieces.

Inventory:

Weapons
 a - a +0 hatchet (weapon)
Armour
 f - a +1 ring mail of cold resistance (worn)
 i - a +0 helmet (worn)
Jewellery
 l - a cursed ring of poison resistance {(Curse: *Drain)}
Wands
 o - a wand of iceblast (7)
Scrolls
 d - 4 scrolls of teleportation
 e - 2 scrolls of fear
 h - a scroll of enchantment
 k - 2 scrolls of magic mapping
 q - a scroll of bless item
Potions
 b - a potion of magic
 g - 2 potions of agility
 j - 2 potions of cancellation
 m - 2 potions of brilliance
 n - 5 potions of curing
 p - a potion of berserk rage
Comestibles
 c - 13 rations
 r - a chunk of flesh


   Skills:
 + Level 7.7 Fighting
 * Level 11.1 Axes & Hammers
 + Level 6.2 Armour
 - Level 1.5 Dodging


You had 8 spell levels left.
You didn't know any spells.
Your spell library was empty.

Dungeon Overview and Level Annotations

Branches:
Dungeon (3/8)

Altars:
Ashenzari
Vehumet
Wu Jian

Annotations:
D:3 2 transporters


Message History

The scorpion is severely wounded. (6/20) HP The scorpion pinches you (1).
* * * LOW HITPOINT WARNING * * *
The scorpion barely misses you (0). The scorpion bites you (5).
* * * LOW HITPOINT WARNING * * *
The scorpion stings you (8)!
* * * LOW HITPOINT WARNING * * *
You are lethally poisoned!
The scorpion poisons you (14)!
Unknown command.
You feel better.
The scorpion pinches you but does no damage.
The scorpion pinches you (2).
* * * LOW HITPOINT WARNING * * *
The scorpion bites you (4).
* * * LOW HITPOINT WARNING * * *
The scorpion barely misses you (0). The scorpion pinches you (3).
* * * LOW HITPOINT WARNING * * *
The scorpion pinches you (2).
You die...

....# ... ...# ....####.### ..
...####......##$..# ...
..........#..p...# ....
........# #......# #....
..#....# #....[.##.....
.##...#####.............
.#.....##...............
...##........)..@s#
...#####....[.p........##.
...#####......##.#.#.....
#......#......##.####... ..
###.#..รท......##.# ##.####.##
# ###.###........###........##
# #...##.....................#
###....##......###<.#.#.....##
.#.....##......##.....#......##


You could see a scorpion and 2 neutral freed slaves.

Vanquished Creatures
  Pikel (D:3)
  Sigmund (D:3)
  Menkaure (D:3)
  A porcupine (D:3)
  Duvessa (D:3)
  Blork the orc (D:2)
  3 big kobolds (D:2)
  Dowan (D:3)
  A howler monkey (D:3)
  2 hounds (D:3)
  2 jellies (D:2)
  A worker ant (D:3)
  4 giant cockroaches
  3 adders
  8 sewer rats (D:2)
  6 worms
  3 cinder newts
  2 oozes
  8 leopard geckos
  3 ball pythons (D:2)
  3 bats
  4 goblins (D:1)
  5 hobgoblins (D:1)
  4 jackals (D:3)
  A jackal skeleton (D:3)
  17 kobolds
  3 rats
  A slave (D:3)
  14 withered plants (D:2)
105 creatures vanquished.

Vanquished Creatures (others)
  78 withered plants (D:2)
78 creatures vanquished.

Grand Total: 183 creatures vanquished

Notes
Turn   | Place    | Note
-------+----------+-------------------------------------------
     0 | D:1      | diana the Hill Orc Berserker began the quest for the Orb.
     0 | D:1      | Reached XP level 1. HP: 19/19 MP: 1/1
    80 | D:1      | Reached XP level 2. HP: 24/27 MP: 2/2
    86 | D:1      | Reached skill level 5 in Axes & Hammers
   183 | D:1      | Reached XP level 3. HP: 33/33 MP: 3/3
   325 | D:1      | Received a gift from Trog
   372 | D:1      | Reached ** piety under Trog
   420 | D:1      | Reached XP level 4. HP: 41/41 MP: 4/4
   599 | D:2      | Reached skill level 6 in Axes & Hammers
   606 | D:2      | Reached XP level 5. HP: 47/47 MP: 5/5
   676 | D:2      | Reached skill level 5 in Fighting
   717 | D:2      | Reached XP level 6. HP: 56/56 MP: 6/6
   887 | D:2      | Reached skill level 7 in Axes & Hammers
  1256 | D:2      | Reached XP level 7. HP: 61/61 MP: 7/7
  1394 | D:2      | Reached skill level 8 in Axes & Hammers
  1473 | D:2      | Noticed Blork the orc
  1482 | D:2      | Killed Blork the orc
  1482 | D:2      | Reached *** piety under Trog
  2089 | D:3      | Received a gift from Trog
  2126 | D:3      | Found a transporter.
  2154 | D:3      | Noticed Menkaure
  2169 | D:3      | Killed Menkaure
  2169 | D:3      | Reached skill level 9 in Axes & Hammers
  2169 | D:3      | Reached skill level 5 in Armour
  2169 | D:3      | Reached XP level 8. HP: 56/71 MP: 8/8
  2225 | D:3      | Noticed Sigmund
  2238 | D:3      | Killed Sigmund
  2281 | D:3      | Noticed Dowan
  2283 | D:3      | Noticed Duvessa
  2292 | D:3      | Killed Duvessa
  2292 | D:3      | Reached skill level 10 in Axes & Hammers
  2296 | D:3      | Killed Dowan
  2347 | D:3      | Noticed a deep elf mage
  2348 | D:3      | Found a transporter.
  2349 | D:3      | Noticed a two-headed ogre
  2385 | D:3      | Found an ornate altar of the Wu Jian Council.
  2386 | D:3      | Found a radiant altar of Vehumet.
  2387 | D:3      | Found a shattered altar of Ashenzari.
  2471 | D:3      | Identified the cursed ring of Finality {+Blink rF+ MR+ AC+5
                  | Stlth+, (Curse: Fragile)}
  2471 | D:3      | Noticed Pikel
  2483 | D:3      | Killed Pikel
  2483 | D:3      | Reached skill level 11 in Axes & Hammers
  2483 | D:3      | Reached XP level 9. HP: 63/80 MP: 9/9
  2494 | D:3      | HP: 2/80 [scorpion (8)]
  2495 | D:3      | Slain by a scorpion

Levels and vault maps discovered:
D:1:      dpeg_arrival_simpleton_a, layout_basic
D:2:      layout_sewer, first_ration, uniq_blork_the_orc
D:3:      layout_cave_pools, gammafunk_temple_overflow_arena,
          bcadren_nooodl_food_pyramid, uniq_pikel, uniq_menkaure, uniq_duvessa,
          uniq_sigmund

Skill      XL: |  1  2  3  4  5  6  7  8 |
---------------+-------------------------+-----
Fighting       | 4 5 6 7 |  7.7
Axes & Hammers | 5 6 7 9 11 | 11.1
Armour         | 3 4 5 6 |  6.2
Dodging        | |  1.5

Action                   |  1- 3 |  4- 6 |  7- 9 || total
-------------------------+-------+-------+-------++-------
Melee: Hatchet           |    33 |    76 |    93 ||   202
       Unarmed           |    15 |    47 |    61 ||   123
Invok: Berserk           |       |       |     2 ||     2
  Use: Potion            |       |       |     1 ||     1
 Stab: Sleeping          |     1 |       |       ||     1
  Eat: Chunk             |       |     1 |     6 ||     7
Armor: Ring mail         |     4 |    23 |    26 ||    53
Dodge: Dodged            |    16 |    41 |    44 ||   101
